 Dungeon Sprint DCSS version 0.30-a0-23-ge60ba3568b (webtiles) character file.

Game seed: 468245388165648137

23535 mhtbhm the Executioner (level 11, -2/121 HPs)
             Began as a Minotaur Berserker on Aug 26, 2022.
             Was the Champion of Trog.
             Succumbed to poison (dark miasma)
             ... in the Dungeon (Sprint III: "The Ten Rune Challenge").
             The game lasted 00:06:23 (3646 turns).

mhtbhm the Executioner (Minotaur Berserker)         Turns: 3646, Time: 00:06:24

Health: -2/121     AC: 13    Str: 26    XL:     11   Next: 37%
Magic:  10/10      EV: 12    Int:  4    God:    Trog [******]
Gold:   1518       SH:  0    Dex: 10    Spells: 10/10 levels left

rFire   + . .      SeeInvis .    a - +2 battleaxe (flame)
rCold   . . .      Faith    .    (shield currently unavailable)
rNeg    . . .      Spirit   .    b - +2 chain mail {rF+}
rPois   .          Reflect  .    (helmet restricted)
rElec   .          Harm     .    (no cloak)
rCorr   .          Rampage  .    (no gloves)
Will    +....      NoTele   +    (no boots)
Stlth   +.........               (no amulet)
HPRegen 0.30/turn                (no ring)
MPRegen 0.12/turn                (no ring)

@: lethally poisoned (-2 -> -14), flying, slowed, very slow
A: horns 2, retaliatory headbutt, strong-willed 1, evolution 1
}: 1/10 runes: decaying
a: Renounce Religion, Berserk, Trog's Hand, Brothers in Arms


You were in the Dungeon.
You worshipped Trog.
Trog was exalted by your worship.
You visited 1 branch You collected 1615 gold pieces.
You spent 97 gold pieces at shops.

Inventory:

Hand Weapons
 a - a +2 battleaxe of flaming (weapon)
 p - a +3 vorpal executioner's axe
Missiles
 q - 4 javelins (quivered)
Armour
 b - a +2 chain mail of fire resistance (worn)
Wands
 n - a wand of mindburst (3)
Scrolls
 h - 2 scrolls of blinking
 j - 4 scrolls of poison {unknown}
 k - a scroll of identify {unknown}
 m - a scroll of fear {unknown}
Potions
 e - a potion of haste
 f - 2 potions of magic
 g - 2 potions of berserk rage
 i - 2 potions of mutation
 l - a potion of flight
Miscellaneous
 o - a lightning rod (4/4)


   Skills:
 + Level 18.8 Fighting
 + Level 21.0 Axes
 + Level 8.8 Armour
 + Level 12.2 Dodging
 + Level 8.4 Stealth


You had 10 spell levels left.
You didn't know any spells.
Your spell library was empty.

Dungeon Overview and Level Annotations

Branches:
Dungeon (1/1)

Altars:
Cheibriados
Dithmenos
Elyvilon
Fedhas
Gozag
Hepliaklqana
Kikubaaqudgha
Makhleb
Nemelex Xobeh
Okawaru
Qazlal
Ru
Sif Muna
Trog
Uskayaw
Vehumet
Wu Jian
Xom
Yredelemnul
Zin
The Shining One
Jiyva
Lugonu

Shops:
D [?[:


Innate Abilities, Weirdness & Mutations

You have a pair of horns on your head.
You reflexively headbutt those who attack you in melee.
You are strong-willed. (Will+)
You have hidden genetic potential.


Message History

You feel yourself slow down.
You feel extremely sick.
You are engulfed in dark miasma.
You are more poisoned.
You feel as though you will be slow longer.
You feel extremely sick.
Really walk into that cloud of foul pestilence? [Y]es or [N]o only, please.
Really walk into that cloud of foul pestilence? [Y]es or [N]o only, please.
Really walk into that cloud of foul pestilence?
Okay, then.
You are engulfed in dark miasma.
You are more poisoned.
You feel extremely sick.
You are engulfed in dark miasma.
You are more poisoned.
* * * LOW HITPOINT WARNING * * *
x2 You feel extremely sick.
Unknown command.
You feel much better.
* * * LOW HITPOINT WARNING * * *
You feel extremely sick.
Unknown command.
* * * LOW HITPOINT WARNING * * *
You feel extremely sick.
Okay, then.
Okay, then.
It was a potion of mutation.
You feel extremely strange.
You feel strong-willed.
You feel a hidden potential growing inside you.
* * * LOW HITPOINT WARNING * * *
You feel extremely sick.
* * * LOW HITPOINT WARNING * * *
You feel very sick.
Okay, then.
It was a potion of flight.
You feel very buoyant.
You fly up into the air.
You die...

♣.♣♣ ######
♣♣.♣ #....#
♣.♣♣ #....#
♣.♣♣ #...~#
♣..♣♣#~..##
♣♣~♣♣~####♣♣
♣♣.♣♣..~.~♣
♣♣~.♣♣♣♣♣♣.♣
♣..@..°○○~.♣
♣...°.○°○~.♣
♣.♣.°°○○○~.♣
♣♣♣♣♣♣♣♣∩∩∩♣
♣♣♣♣♣


There were no monsters in sight!

Vanquished Creatures
  Josephine (D)
  3 hydras (D)
  A centaur warrior (D)
  Urug (D)
  3 death drakes (D)
  A spectral hydra (D)
  A lindwurm (D)
  A deep elf pyromancer (D)
  An orc sorcerer (D)
  2 cane toads (D)
  An unseen horror (D)
  A komodo dragon (D)
  2 tyrant leeches (D)
  3 wandering mushrooms (D)
  A shadow (D)
  3 redbacks (D)
  A spatial vortex (D)
  An orc warrior (D)
  2 centaurs (D)
  2 swamp dragon skeletons (D)
  An earth elemental (D)
  A necrophage (D)
  A water elemental (D)
  An electric eel (D)
  A jelly (D)
  3 orc priests (D)
  A wizard (D)
  A necromancer (D)
  2 orc wizards (D)
  3 humans (D)
  A kobold demonologist (D)
  A phantom (D)
  11 orcs (D)
  2 endoplasms (D)
  2 rats (D)
64 creatures vanquished.

Vanquished Creatures (others)
  5 plants (D)
5 creatures vanquished.

Grand Total: 69 creatures vanquished

Notes
Turn   | Place    | Note
-------+----------+-------------------------------------------
     0 | D        | mhtbhm the Minotaur Berserker began the quest for the Orb.
     0 | D        | Reached XP level 1. HP: 19/19 MP: 0/0
     5 | D        | Reached skill level 4 in Axes
    25 | D        | Reached ** piety under Trog
    93 | D        | Reached skill level 5 in Axes
    93 | D        | Reached XP level 2. HP: 28/28 MP: 1/1
    95 | D        | Reached skill level 5 in Fighting
   162 | D        | Noticed a water elemental
   168 | D        | Killed a water elemental
   169 | D        | Reached skill level 7 in Axes
   169 | D        | Reached XP level 3. HP: 39/39 MP: 2/2
   169 | D        | Reached XP level 4. HP: 47/47 MP: 3/3
   213 | D        | Found a radiant altar of Vehumet.
   213 | D        | Found a shimmering blue altar of Sif Muna.
   213 | D        | Found an ancient bone altar of Kikubaaqudgha.
   213 | D        | Noticed a wizard
   218 | D        | Killed a wizard
   218 | D        | Reached *** piety under Trog
   223 | D        | Noticed a neqoxec
   225 | D        | Reached skill level 8 in Axes
   379 | D        | Found a basalt altar of Yredelemnul.
   379 | D        | Found a shadowy altar of Dithmenos.
   379 | D        | Found a sacrificial altar of Ru.
   379 | D        | Noticed a necrophage
   383 | D        | Reached **** piety under Trog
   384 | D        | Reached XP level 5. HP: 53/53 MP: 4/4
   391 | D        | Reached skill level 9 in Axes
   391 | D        | Reached skill level 5 in Armour
   438 | D        | Found a hide-covered altar of Uskayaw.
   438 | D        | Found an iron altar of Okawaru.
   438 | D        | Found a bloodstained altar of Trog.
   438 | D        | Found an ornate altar of the Wu Jian Council.
   438 | D        | Noticed a human
   439 | D        | Noticed a human
   449 | D        | Killed a human
   450 | D        | Reached skill level 10 in Fighting
   450 | D        | Reached skill level 11 in Axes
   450 | D        | Reached skill level 5 in Dodging
   450 | D        | Reached XP level 6. HP: 66/66 MP: 5/5
   450 | D        | Killed a human
   451 | D        | Reached skill level 12 in Axes
   451 | D        | Reached skill level 1 in Stealth
   537 | D        | Found a glowing silver altar of Zin.
   538 | D        | Found a glowing golden altar of the Shining One.
   538 | D        | Found a white marble altar of Elyvilon.
   538 | D        | Noticed a deep elf pyromancer
   544 | D        | Killed a deep elf pyromancer
   545 | D        | Reached skill level 14 in Axes
   545 | D        | Reached XP level 7. HP: 78/78 MP: 6/6
   598 | D        | Noticed a shadow
   611 | D        | Killed a shadow
   611 | D        | Reached ***** piety under Trog
   612 | D        | Reached XP level 8. HP: 26/85 MP: 7/7
   863 | D        | Found a blossoming altar of Fedhas.
   863 | D        | Found a stormy altar of Qazlal.
   863 | D        | Found a snail-covered altar of Cheibriados.
   863 | D        | Found a burning altar of Makhleb.
   863 | D        | Found a shimmering altar of Xom.
   864 | D        | Found a hazy altar of Hepliaklqana.
   864 | D        | Found an opulent altar of Gozag.
   864 | D        | Found a sparkling altar of Nemelex Xobeh.
   864 | D        | Found a corrupted altar of Lugonu.
   864 | D        | Found a viscous altar of Jiyva.
   889 | D        | Noticed Josephine
   907 | D        | Killed Josephine
   908 | D        | Reached skill level 16 in Axes
  1301 | D        | Found Arpheun's Antique Armour Emporium.
  1302 | D        | Noticed an orc sorcerer
  1305 | D        | Received a gift from Trog
  1309 | D        | Reached XP level 9. HP: 95/95 MP: 8/8
  1313 | D        | Received a gift from Trog
  1314 | D        | Noticed a sixfirhy
  1317 | D        | Paralysed by an orc sorcerer for 2 turns
  1322 | D        | Noticed a sixfirhy
  1326 | D        | Killed an orc sorcerer
  1326 | D        | Reached ****** piety under Trog
  1326 | D        | Received a gift from Trog
  1327 | D        | Reached skill level 17 in Axes
  1329 | D        | Reached skill level 15 in Fighting
  1493 | D        | Noticed a centaur warrior
  1499 | D        | Killed a centaur warrior
  1500 | D        | Reached skill level 18 in Axes
  1728 | D        | Killed an unseen horror
  1830 | D        | Noticed a wandering mushroom
  1834 | D        | Noticed a wandering mushroom
  1836 | D        | Noticed a wandering mushroom
  1953 | D        | Received a gift from Trog
  1961 | D        | Reached skill level 5 in Stealth
  1961 | D        | Reached XP level 10. HP: 64/107 MP: 3/9
  2143 | D        | Noticed a cane toad
  2143 | D        | Noticed a cane toad
  2153 | D        | Killed a cane toad
  2159 | D        | Killed a cane toad
  2160 | D        | Reached skill level 10 in Dodging
  2172 | D        | Reached skill level 19 in Axes
  2321 | D        | Received a gift from Trog
  2335 | D        | Noticed a lindwurm
  2338 | D        | Killed a lindwurm
  2346 | D        | Noticed Urug
  2349 | D        | Killed Urug
  2369 | D        | Noticed a four-headed hydra
  2369 | D        | Noticed a seven-headed hydra
  2377 | D        | Killed a one-headed hydra
  2378 | D        | Reached skill level 20 in Axes
  2380 | D        | Killed a four-headed hydra
  2381 | D        | Reached XP level 11. HP: 79/118 MP: 10/10
  2516 | D        | Noticed a death drake
  2519 | D        | Killed a death drake
  2578 | D        | Noticed a death drake
  2584 | D        | Killed a death drake
  2963 | D        | Noticed a death drake
  2970 | D        | Killed a death drake
  3215 | D        | Found Nynu's Magic Scroll Emporium.
  3215 | D        | Found Tamatou's Antique Armour Shop.
  3224 | D        | Found Weukho Buzos's Book Shoppe.
  3230 | D        | Bought a scroll of blinking for 97 gold pieces
  3466 | D        | Noticed a seven-headed hydra
  3470 | D        | Killed a four-headed hydra
  3474 | D        | Reached skill level 21 in Axes
  3484 | D        | Got a decaying rune of Zot
  3644 | D        | Gained mutation: You are strong-willed. (Will+) [potion of
                  | mutation]
  3644 | D        | Gained mutation: You have hidden genetic potential. [potion
                  | of mutation]
  3644 | D        | HP: 6/121 [poison (dark miasma)]
  3645 | D        | HP: 1/121 [poison (dark miasma)]
  3646 | D        | Succumbed to poison (dark miasma)

Illustrated notes

Levels and vault maps discovered:
D:        dungeon_sprint_mu [sprint_mu_entry_forest, sprint_mu_temple_rooms,
          sprint_mu_d1_horrors, sprint_mu_d2_genie, sprint_mu_d3_branching,
          sprint_mu_orc_legion, sprint_mu_elf_gauntlet, sprint_mu_hive_nellie,
          sprint_mu_lair_fedhas, sprint_mu_vaults_butterflies,
          sprint_mu_slime_circle, sprint_mu_swamp_cave, sprint_mu_snake_twists,
          sprint_mu_blade_basic, sprint_mu_crypt_fortress,
          sprint_mu_tomb_spiral, sprint_mu_vestibule_basic,
          sprint_mu_gehenna_hellfire, sprint_mu_dis_giant,
          sprint_mu_tartarus_statrot, sprint_mu_cocytus_islands, sprint_mu_zot1]

Skill      XL: |  1  2  3  4  5  6  7  8  9 10 11 |
---------------+----------------------------------+-----
Fighting       | 4 7 8 10 12 14 16 17 18 | 18.8
Axes           | 5 7 8 11 14 16 18 20 21 | 21.0
Armour         | 3 4 5 6 7 8 |  8.8
Dodging        | 3 4 5 6 7 9 11 12 | 12.2
Stealth        | 1 3 5 7 8 |  8.4

Action                   |  1- 3 |  4- 6 |  7- 9 | 10-12 || total
-------------------------+-------+-------+-------+-------++-------
Melee: Hand axe          |    13 |    35 |    73 |       ||   121
       Headbutt          |     4 |     3 |    25 |    12 ||    44
       Punch             |       |     1 |     1 |       ||     2
       Broad axe         |       |       |    27 |       ||    27
       Battleaxe         |       |       |       |    65 ||    65
       Executioner's axe |       |       |       |     8 ||     8
Invok: Berserk           |     2 |     2 |     3 |     3 ||    10
  Use: Potion            |       |       |     1 |     5 ||     6
 Stab: Sleeping          |       |       |     1 |     6 ||     7
Armor: Animal skin       |       |     2 |       |       ||     2
       Robe              |       |       |     9 |     1 ||    10
       Chain mail        |       |       |       |    14 ||    14
Dodge: Dodged            |     4 |    12 |    45 |    28 ||    89

Table legend: (Time is in decaauts)
 A = Elapsed time spent in this place.
 B = Non-inter-level travel time spent in this place.
 C = Inter-level travel time spent in this place.
 D = Time resting spent in this place.
 E = Time spent auto-exploring this place.
 F = Levels seen in this place.
 G = Mean time per level.
                   A        B        C        D        E       F      G
               +--------+--------+--------+--------+--------+-----+--------+
         Total |   3708 |   3708 |      0 |   2772 |    124 |   1 | 3708.0 |
       Dungeon |   3708 |   3708 |      0 |   2772 |    124 |   1 | 3708.0 |
               +--------+--------+--------+--------+--------+-----+--------+

Top non-repeatable levels by time:
       D: 3708 daAuts
